 Dungeon Crawl Stone Soup version 0.32-a0-928-g1cae6b7ea0 (webtiles) character file.

Game seed: 9617283381117832157

5097 Ahpoh the Carver (level 10, -4/84 HPs)
             Began as a Demigod Fighter on Apr 12, 2024.
             Slain by a yak (11 damage)
             ... on level 9 of the Dungeon.
             The game lasted 00:31:03 (9909 turns).

Ahpoh the Carver (Demigod Fighter)                  Turns: 9909, Time: 00:31:03

Health: -4/84      AC: 11    Str: 22    XL:     10   Next: 10%
Magic:  13/13      EV:  8    Int: 14    God:
Gold:   677        SH:  6    Dex: 24    Spells: 9/9 levels left

rFire   . . .        a - +0 long sword
rCold   . . .        c - +0 buckler
rNeg    . . .        k - +0 chain mail
rPois   .            (no helmet)
rElec   .            (no cloak)
rCorr   .            (no gloves)
SInv    .            r - +0 pair of boots
Will    +....        y - amulet of the acrobat Stlth
                     K - +6 ring of strength
HPRegen 0.34/turn    (no ring)
MPRegen 0.13/turn

%: acrobat
@: about to teleport, slowed, very slow
A: high MP 1, forlorn, divine attributes, clever 1
a: no special abilities


You were on level 9 of the Dungeon.
You visited 1 branch of the dungeon, and saw 10 of its levels.
You also visited: Ossuary.

You collected 677 gold pieces.

Inventory:

Hand Weapons
 a - a +0 long sword (weapon)
 g - a +2 sling of draining
 i - a +0 flail of draining
 x - a +3 rapier of venom
Missiles
 j - a curare-tipped dart
 o - 17 poisoned darts (quivered)
 v - 3 atropa-tipped darts
Armour
 c - a +0 buckler (worn)
 k - a +0 chain mail (worn)
 r - a +0 pair of boots (worn)
Magical Staves
 w - a staff of conjuration
Jewellery
 y - an amulet of the acrobat (around neck)
 J - an amulet of guardian spirit
 K - a +6 ring of strength (left hand)
Wands
 l - a wand of charming (8)
 m - a wand of flame (17)
 I - a wand of acid (13)
Scrolls
 e - 3 scrolls of teleportation
 f - 4 scrolls of vulnerability
 n - 2 scrolls of immolation {unknown}
 q - a scroll of noise
 t - a scroll of revelation {unknown}
 u - a scroll of brand weapon {unknown}
 z - a scroll of silence {unknown}
 C - 4 scrolls of fear {unknown}
 H - a scroll of enchant weapon {unknown}
Potions
 b - 2 potions of mutation
 d - a potion of might
 h - 5 potions of lignification
 p - a potion of cancellation {unknown}
 s - 2 potions of haste
 A - 2 potions of enlightenment
 B - a potion of ambrosia {unknown}
 D - 2 potions of resistance {unknown}
 E - 2 potions of heal wounds {unknown}
 F - 2 potions of magic {unknown}
 G - 3 potions of brilliance {unknown}


   Skills:
 * Level 6.5 Fighting
 * Level 9.1 Long Blades
 * Level 4.0 Throwing
 * Level 6.7 Armour
 + Level 1.5 Dodging
 * Level 5.5 Shields
 + Level 0.3 Evocations


You had 9 spell levels left.
You didn't know any spells.
Your spell library contained the following spells:

 Spells                   Type           Power      Damage    Failure   Level
 Ensorcelled Hibernation  Hex/Ice        0%         N/A       96%         2
 Jinxbite                 Hex            0%         N/A       96%         2
 Passwall                 Erth           0%         N/A       99%         3
 Swiftness                Air            0%         N/A       99%         3
 Leda's Liquefaction      Alch/Erth      0%         N/A       100%        4
 Lee's Rapid Deconstruct  Erth           0%         3d4*      100%        5
 Yara's Violent Unravell  Hex/Alch       0%         3d3       100%        5
 Conjure Ball Lightning   Conj/Air       0%         3x3d6     100%        6
 Permafrost Eruption      Ice/Erth       0%         2x4d1     100%        6
 Enfeeble                 Hex            0%         N/A       100%        7
 Discord                  Hex            0%         N/A       100%        8
 Disjunction              Tloc           0%         N/A       100%        8


Dungeon Overview and Level Annotations

Branches:
Dungeon (10/15)            Temple (0/1) D:7         Ossuary (visited)
   Lair: D:8-11         Orc: D:9-12

Annotations:
D:2 Sigmund
D:10 Josephine


Innate Abilities, Weirdness & Mutations

You have an increased reservoir of magic. (+10% MP)
You shall have no god before yourself.
Your divine heritage dramatically boosts your attributes as you level up.
Your mind is acute. (Int +4, Str/Dex -1)


Message History

You slash the yak!
The yak is heavily wounded.
The wraith hits you but does no damage. The yak gores you.
The yak gores you but does no damage.
You barely miss the yak.
The yak is heavily wounded.
You block the wraith's attack.
The yak gores you but does no damage. x2
The wraith hits you! The wraith drains your vigour!
You feel as though you will be slow longer.
The yak gores you! The yak gores you.
You closely miss the yak.
The yak is heavily wounded.
The wraith hits you. The yak gores you!
* * * LOW HITPOINT WARNING * * *
The yak barely misses you.
You slash the yak!
The yak is severely wounded.
The wraith hits you.
* * * LOW HITPOINT WARNING * * *
The wraith drains your vigour!
You feel as though you will be slow longer.
You block the yak's attack.
The yak snorts and paws the ground.
You block the yak's attack. The wraith closely misses you. The yak gores you.
* * * LOW HITPOINT WARNING * * *
The yak barely misses you.
As you read the scroll of teleportation, it crumbles to dust.
You feel strangely unstable. The wraith hits you.
* * * LOW HITPOINT WARNING * * *
The yak gores you but does no damage. The yak barely misses you.
Aiming: Throw Flame
Press: ? - help, Q - select action, (/) - cycle Shift-Dir - straight line, f - yak
Aim: a yak (severely wounded, 81% to hit)
The puff of flame hits the yak.
The yak is severely wounded.
The wraith hits you but does no damage. You block the yak's attack.
The yak gores you.
* * * LOW HITPOINT WARNING * * *
The wraith closely misses you. The yak gores you!
You die...

###..#.##...# #.........#
##.#.##...####.........#
#.#.#######.'.........#
###...##### #.#.........#
##.........###.#.........#
#...######..##.#.........#
#...# ##.Y..#.........#
#...########WY##.........#
#..........Y@#############
##############


You could see 3 yaks and a wraith.

Vanquished Creatures
  2 two-headed ogres
  A yak (D:9)
  A wyvern (D:9)
  Eustachio (D:6)
  A wraith (D:9)
  A steam dragon (D:7)
  2 water moccasins (D:4)
  5 orc warriors
  A sky beast (D:7)
  2 black bears (D:6)
  An ice beast (D:5)
  5 centaurs
  A phantom (D:2)
  A kobold brigand (D:9)
  2 scorpions
  6 killer bees (D:9)
  3 howler monkeys (D:8)
  A bombardier beetle (D:6)
  A jelly (D:5)
  A gnoll bouda (D:7)
  5 orc priests
  3 iguanas
  A sleepcap (D:5)
  15 orc wizards
  7 mummies (Ossuary)
  4 gnolls
  4 adders
  A white imp (D:8)
  2 dart slugs (D:4)
  37 orcs
  7 endoplasms
  4 giant cockroaches
  10 goblins
  11 hobgoblins
  6 jackals
  2 quokkas
  8 ball pythons
  4 bats
  3 frilled lizards
  5 hobgoblin zombies (Ossuary)
  12 kobolds
  2 kobold zombies (Ossuary)
  An orc zombie (Ossuary)
  2 rats
195 creatures vanquished.

Vanquished Creatures (collateral kills)
  A phantom (D:7)
  An orc (D:7)
2 creatures vanquished.

Vanquished Creatures (others)
  A yak (D:9)
  A mummy (Ossuary)
2 creatures vanquished.

Grand Total: 199 creatures vanquished

Notes
Turn   | Place    | Note
-------+----------+-------------------------------------------
     0 | D:1      | Ahpoh the Demigod Fighter began the quest for the Orb.
     0 | D:1      | Reached XP level 1. HP: 18/18 MP: 3/3
   197 | D:1      | Reached XP level 2. HP: 25/25 MP: 4/4
   315 | D:1      | Reached skill level 2 in Long Blades
   902 | D:2      | Gained mutation: You are partially covered in iridescent
                  | scales. (AC +2) [potion of mutation]
   917 | D:2      | Reached XP level 3. HP: 25/30 MP: 5/5
  1361 | D:2      | Noticed Sigmund
  1532 | D:2      | You fall into a shaft and drop 2 floors!
  1569 | D:3      | Noticed a phantom
  1757 | D:2      | Killed a phantom
  1758 | D:2      | Reached skill level 3 in Long Blades
  1758 | D:2      | Reached XP level 4. HP: 38/38 MP: 6/6
  2110 | D:3      | Reached XP level 5. HP: 45/45 MP: 7/7
  2431 | D:4      | Noticed a water moccasin
  2538 | D:4      | Killed a water moccasin
  2565 | D:4      | Noticed a water moccasin
  2598 | D:4      | Killed a water moccasin
  2599 | D:4      | Reached skill level 4 in Long Blades
  2599 | D:4      | Reached XP level 6. HP: 22/51 MP: 8/8
  3438 | D:5      | Entered Level 5 of the Dungeon
  3596 | D:5      | Reached XP level 7. HP: 59/59 MP: 9/9
  3701 | D:5      | Reached skill level 5 in Long Blades
  4170 | D:5      | Reached skill level 1 in Throwing
  4493 | D:6      | Reached skill level 1 in Dodging
  4514 | D:6      | Found a sand-covered staircase.
  4520 | Ossuary  | Entered an ossuary
  4583 | Ossuary  | Reached skill level 6 in Long Blades
  4750 | Ossuary  | Lost mutation: You are partially covered in iridescent
                  | scales. (AC +2) [potion of mutation]
  4750 | Ossuary  | Gained mutation: Your flesh is heat resistant. (rF+)
                  | [potion of mutation]
  4750 | Ossuary  | Gained mutation: Your system is resistant to poisons.
                  | (rPois) [potion of mutation]
  4750 | Ossuary  | Gained mutation: You have a pair of small horns on your
                  | head. [potion of mutation]
  4763 | Ossuary  | Lost mutation: Your system is resistant to poisons. (rPois)
                  | [potion of mutation]
  4763 | Ossuary  | Lost mutation: Your flesh is heat resistant. (rF+) [potion
                  | of mutation]
  4763 | Ossuary  | Lost mutation: You have a pair of small horns on your head.
                  | [potion of mutation]
  4763 | Ossuary  | Gained mutation: You sometimes lose your temper in combat.
                  | [potion of mutation]
  4763 | Ossuary  | Gained mutation: You have a pair of small horns on your
                  | head. [potion of mutation]
  4763 | Ossuary  | Gained mutation: You have a considerably increased
                  | reservoir of magic. (+20% MP) [potion of mutation]
  4764 | Ossuary  | Lost mutation: You have a considerably increased reservoir
                  | of magic. (+20% MP) [potion of mutation]
  4764 | Ossuary  | Lost mutation: You have a pair of small horns on your head.
                  | [potion of mutation]
  4764 | Ossuary  | Lost mutation: You sometimes lose your temper in combat.
                  | [potion of mutation]
  4764 | Ossuary  | Gained mutation: Your mind is acute. (Int +4, Str/Dex -1)
                  | [potion of mutation]
  4968 | D:6      | Noticed Eustachio
  5008 | D:7      | Reached XP level 8. HP: 54/67 MP: 10/10
  5537 | D:7      | Noticed a two-headed ogre
  5552 | D:7      | Reached skill level 5 in Armour
  6139 | D:7      | Found a staircase to the Ecumenical Temple.
  6169 | D:7      | HP: 3/67 [steam dragon/ball of steam (23)]
  6558 | D:7      | Killed a two-headed ogre
  6559 | D:7      | Reached skill level 7 in Long Blades
  6747 | D:6      | Killed Eustachio
  6748 | D:6      | Reached skill level 5 in Fighting
  6748 | D:6      | Reached XP level 9. HP: 40/74 MP: 11/11
  7152 | D:8      | Identified the maw talisman of Nymish {rElec rPois}
  7852 | D:9      | Reached skill level 5 in Shields
  7857 | D:9      | Reached skill level 8 in Long Blades
  8820 | D:9      | Noticed a two-headed ogre
  8831 | D:9      | Killed a two-headed ogre
  9197 | D:10     | Entered Level 10 of the Dungeon
  9203 | D:10     | Reached skill level 9 in Long Blades
  9309 | D:9      | Reached XP level 10. HP: 50/83 MP: 13/13
  9428 | D:10     | Noticed Josephine
  9909 | D:9      | Slain by a yak

Illustrated notes

Levels and vault maps discovered:
D:1:      eino_arrival_druids_welcome, layout_loops_ring
D:2:      layout_basic, uniq_sigmund
D:3:      layout_basic, mainiacjoe_overflow_24_doors,
          minmay_fractal_squares_gapless_5
D:4:      cheibrodos_helix_gallery, layout_cave_pools, minitemple,
          chequers_serial_rivers_room_a
D:5:      layout_basic, kennysheep_boxes
D:6:      layout_basic, trog_ov_bears_minmay, nicolae_ossuary_entry_plus,
          kennysheep_nub, uniq_eustachio
D:7:      layout_loops_ring, minmay_temple_entry_statues_pillars
D:8:      layout_loops_ring
D:9:      layout_basic
D:10:     layout_long_grid, mainiacjoe_overflow_catwalk_spiral,
          roadster_trireme, uniq_josephine, uniq_joseph

Skill      XL: |  1  2  3  4  5  6  7  8  9 10 |
---------------+-------------------------------+-----
Long Blades    | 2 3 4 6 7 9 |  9.1
Shields        | 3 4 5 |  5.5
Armour         | 3 4 5 6 |  6.7
Fighting       | 3 4 5 6 |  6.5
Throwing       | 1 3 4 |  4.0
Dodging        | 1 |  1.5
Evocations     | |  0.3

Action                     |  1- 3 |  4- 6 |  7- 9 | 10-12 || total
---------------------------+-------+-------+-------+-------++-------
  Melee: Long sword        |   123 |   165 |   540 |    33 ||   861
  Throw: Javelin           |    14 |    13 |    19 |       ||    46
         Dart              |       |       |    17 |     7 ||    24
  Evoke: Wand              |       |     1 |     5 |     3 ||     9
    Use: Scroll            |     6 |       |     5 |     1 ||    12
         Potion            |     4 |     2 |    11 |       ||    17
 Armour: Scale mail        |   114 |   103 |       |       ||   217
         Skin              |    30 |       |     6 |       ||    36
         Chain mail        |       |    39 |   470 |    62 ||   571
  Dodge: Dodged            |    66 |    54 |   212 |    26 ||   358
  Block: Buckler           |    45 |    53 |   171 |    16 ||   285

Table legend: (Time is in decaauts)
 A = Elapsed time spent in this place.
 B = Non-inter-level travel time spent in this place.
 C = Inter-level travel time spent in this place.
 D = Time resting spent in this place.
 E = Time spent auto-exploring this place.
 F = Levels seen in this place.
 G = Mean time per level.
                   A        B        C        D        E       F      G
               +--------+--------+--------+--------+--------+-----+--------+
         Total |  10091 |   9810 |    281 |   2260 |   4511 |  11 |  917.4 |
       Dungeon |   9819 |   9538 |    281 |   2260 |   4511 |  10 |  981.9 |
       Ossuary |    271 |    271 |      0 |      0 |      0 |   1 |  271.0 |
               +--------+--------+--------+--------+--------+-----+--------+

Top non-repeatable levels by time:
     D:9: 1903 daAuts
     D:7: 1693 daAuts
     D:8: 1065 daAuts
     D:3: 1001 daAuts
     D:5: 972 daAuts
     D:4: 891 daAuts
     D:1: 872 daAuts
     D:2: 828 daAuts
     D:6: 482 daAuts
 Ossuary: 271 daAuts
    D:10: 108 daAuts
